 Dungeon Crawl Stone Soup version 0.30-a0-748-ge6a52f7cba (webtiles) character file.

Game seed: 14448305075602089814

18 hikkokomori the Magician (level 2, 0/15 HPs)
             Began as a Deep Elf Hedge Wizard on Feb 9, 2023.
             Slain by an adder (4 damage)
             ... on level 2 of the Dungeon.
             The game lasted 00:01:27 (1077 turns).

hikkokomori the Magician (Deep Elf Hedge Wizard)    Turns: 1077, Time: 00:01:27

Health: 0/15       AC:  3    Str:  7    XL:     2   Next: 51%
Magic:  3/9        EV: 12    Int: 18    God:
Gold:   60         SH:  0    Dex: 14    Spells: 6/9 levels left

rFire   . . .      SeeInvis .    i - +0 short sword (freeze)
rCold   . . .      Faith    .    (no shield)
rNeg    . . .      Spirit   .    b - +0 robe
rPois   .          Reflect  .    c - +0 hat
rElec   .          Harm     .    k - +0 cloak
rCorr   .          Rampage  .    (no gloves)
Will    .....                    (no boots)
Stlth   ++                       (no amulet)
HPRegen 0.22/turn                (no ring)
MPRegen 0.11/turn                (no ring)

@: lethally poisoned (0 -> -2), very slightly contaminated
A: no striking features
a: no special abilities


You were on level 2 of the Dungeon.
You visited 1 branch of the dungeon, and saw 2 of its levels.

You collected 60 gold pieces.

Inventory:

Hand Weapons
 a - a +0 dagger
 i - a +0 short sword of freezing (weapon)
Armour
 b - a +0 robe (worn)
 c - a +0 hat (worn)
 k - a +0 cloak (worn)
Magical Staves
 l - a staff of air
Scrolls
 e - a scroll of teleportation {unknown}
 f - a scroll of noise {unknown}
 g - 2 scrolls of identify {unknown}
 h - a scroll of blinking {unknown}
 j - a scroll of immolation {unknown}
 m - a scroll of poison {unknown}
Potions
 d - a potion of magic


   Skills:
 - Level 2.4 Dodging
 - Level 2.4 Stealth
 - Level 4.4 Spellcasting
 + Level 1.8 Conjurations
 + Level 1.8 Summonings
 + Level 1.8 Translocations


You had 6 spell levels left.
You knew the following spells:

 Your Spells              Type           Power      Damage    Failure   Level
a - Magic Dart            Conj           40%        1d5       7%          1
b - Call Imp              Summ           10%        N/A       10%         2

Your spell library contained the following spells:

 Spells                   Type           Power      Damage    Failure   Level
 Blink                    Tloc           20%        N/A       10%         2
 Slow                     Hex            12%        N/A       14%         1
 Cigotuvi's Dreadful Rot  Necr/Pois/Air  6%         N/A       22%         2
 Mephitic Cloud           Conj/Pois/Air  6%         N/A       32%         3


Dungeon Overview and Level Annotations

Branches:
Dungeon (2/15)

Altars:


Message History

a +0 short sword; a stone You now have 60 gold pieces (gained 8).
Done exploring.
(D) Dungeon
Where to? (? - help)
What level of the Dungeon? (default 1, ? - help)
There is a stone staircase leading down here.
You climb downwards.
There is a stone staircase leading up here.
An adder and 2 jackals come into view.
The adder hisses angrily.
The jackal barks!
A jackal comes into view.
The jackal moves out of view.
Casting: Magic Dart (safe; 7% risk of failure)
Confirm with . or Enter, or press ? or * to list all spells.
A beastly little devil appears in a puff of flame.
The jackal closely misses you. The jackal bites you.
Your crimson imp blinks!
Casting: Call Imp (safe; 10% risk of failure)
Confirm with . or Enter, or press ? or * to list all spells.
You miscast Call Imp.
You are very lightly contaminated with residual magic.
Nothing appears to happen.
The jackal closely misses you.
You hit the jackal. You freeze the jackal.
The jackal is heavily wounded.
The jackal barely misses you. The adder barely misses you.
The jackal closely misses you.
You closely miss the jackal.
The jackal is heavily wounded.
The adder bites you.
You are poisoned.
The adder poisons you! The jackal misses you.
You feel sick. The adder bites you.
The jackal bites something.
Okay, then.
Casting: Call Imp (safe; 10% risk of failure)
Confirm with . or Enter, or press ? or * to list all spells.
A metallic apparition takes form in the air.
You feel sick. The adder bites you.
You die...

##### #...# #.#.#
#.#.# # #.#5# #
#.#.#@#.#
##.##.#.#S#.#.###
........hhh......
##.##.#<#.#.#####
# #.#.#.# ###.# #
... #.. ...h


You could see an adder (ally target), 3 jackals and a friendly iron imp
(summoned).

Vanquished Creatures
  A dart slug (D:1)
  4 ball pythons (D:1)
  2 endoplasms (D:1)
  A giant cockroach (D:1)
  A hobgoblin (D:1)
  A frilled lizard (D:1)
  6 kobolds (D:1)
  A rat (D:1)
17 creatures vanquished.

Vanquished Creatures (others)
  A plant (D:1)
1 creature vanquished.

Grand Total: 18 creatures vanquished

Notes
Turn   | Place    | Note
-------+----------+-------------------------------------------
     0 | D:1      | hikkokomori the Deep Elf Hedge Wizard began the quest for
                  | the Orb.
     0 | D:1      | Reached XP level 1. HP: 10/10 MP: 7/7
   406 | D:1      | Reached XP level 2. HP: 13/15 MP: 0/9
   488 | D:1      | Learned a level 2 spell: Call Imp
   554 | D:1      | Found a faded altar of an unknown god.
  1077 | D:2      | Slain by an adder

Illustrated notes

Levels and vault maps discovered:
D:1:      denvon_arrival_hothouse, layout_basic,
          shapermc_ecumenical_altar_mp_ritualfount
D:2:      layout_basic, basic_altar

Action                     || total
---------------------------++-------
  Melee: Dagger            ||     5
         Short sword       ||    22
   Cast: Magic Dart        ||    22
         Call Imp          ||     2
   Stab: Sleeping          ||     4
 Armour: Robe              ||     5
  Dodge: Dodged            ||    23

Table legend: (Time is in decaauts)
 A = Elapsed time spent in this place.
 B = Non-inter-level travel time spent in this place.
 C = Inter-level travel time spent in this place.
 D = Time resting spent in this place.
 E = Time spent auto-exploring this place.
 F = Levels seen in this place.
 G = Mean time per level.
                   A        B        C        D        E       F      G
               +--------+--------+--------+--------+--------+-----+--------+
         Total |   1076 |   1049 |     27 |     79 |    816 |   2 |  538.0 |
       Dungeon |   1076 |   1049 |     27 |     79 |    816 |   2 |  538.0 |
               +--------+--------+--------+--------+--------+-----+--------+

Top non-repeatable levels by time:
     D:1: 1065 daAuts
     D:2: 10 daAuts
